 Dungeon Crawl Stone Soup version 0.29-a0-565-g7a16c6de65 (webtiles) character file.

Game seed: 13983593654140416528

10 Lekart the Bolt Thrower (level 2, -8/24 HPs)
             Began as a Draconian Hunter on June 12, 2022.
             Mangled by a kobold
             ... wielding a +2 dagger of electrocution
              (16 damage)
             ... on level 1 of the Dungeon.
             The game lasted 00:00:22 (436 turns).

Lekart the Bolt Thrower (Draconian Hunter)           Turns: 436, Time: 00:00:23

Health: -8/24      AC:  4    Str: 13    XL:     2   Next: 10%
Magic:  2/2        EV: 12    Int:  9    God:
Gold:   0          SH:  0    Dex: 14    Spells: 1/1 levels left

rFire   . . .      SeeInvis .   a - +1 hand crossbow
rCold   . . .      Faith    .   (no shield)
rNeg    . . .      Spirit   .   (body armour unavailable)
rPois   .          Reflect  .   (helmet restricted)
rElec   .          Harm     .   (no cloak)
rCorr   .          Rampage  .   (no gloves)
Will    .....                   (no boots)
Stlth   ++........              (no amulet)
HPRegen 0.08/turn               (no ring)
MPRegen 0.08/turn               (no ring)

@: no status effects
A: AC +4, unfitting armour, cold-blooded
a: no special abilities


You were on level 1 of the Dungeon.
You visited 1 branch of the dungeon, and saw 1 of its levels.

Inventory:

Hand Weapons
 a - a +1 hand crossbow (weapon)
Scrolls
 b - a scroll of immolation
 d - a scroll of summoning {unknown}
Potions
 c - a potion of attraction {unknown}
 e - a potion of curing {unknown}


   Skills:
 + Level 2.2 Fighting
 + Level 4.0 Crossbows
 + Level 1.8 Dodging
 - Level 0.8 Stealth


You had one spell level left.
You didn't know any spells.
Your spell library was empty.

Dungeon Overview and Level Annotations

Branches:
Dungeon (1/15)

Altars:


Innate Abilities, Weirdness & Mutations

Your plain brown scales are hard. (AC +4)
You cannot fit into any form of body armour.
You are cold-blooded and may be slowed by cold attacks.


Message History

The bolt hits the kobold but does no damage.
The kobold barely misses you.
You shoot a bolt. The bolt barely misses the kobold.
The bolt misses the quokka.
The kobold hits you but does no damage.
You shoot a bolt. The bolt hits the quokka.
The quokka is almost dead.
The kobold hits you but does no damage. The quokka barely misses you.
You shoot a bolt. The bolt barely misses the quokka.
The bolt misses the quokka.
The quokka bites you. The kobold hits you but does no damage.
The quokka barely misses you. The kobold hits you but does no damage.
You are electrocuted!
You are too injured to fight recklessly!
You are too injured to fight recklessly!
You are too injured to fight recklessly!
You are too injured to fight recklessly!
You are too injured to fight recklessly!
You are too injured to fight recklessly!
You are too injured to fight recklessly!
You are too injured to fight recklessly!
You are too injured to fight recklessly!
You are too injured to fight recklessly!
You are too injured to fight recklessly!
You are too injured to fight recklessly!
You are too injured to fight recklessly!
You are too injured to fight recklessly!
You are too injured to fight recklessly!
You are too injured to fight recklessly!
You are too injured to fight recklessly!
You are too injured to fight recklessly!
You are too injured to fight recklessly!
You are too injured to fight recklessly!
You are too injured to fight recklessly!
You are too injured to fight recklessly!
The quokka attacks as you move away!
The quokka bites you but does no damage.
The kobold attacks as you move away!
The kobold hits you with a +2 dagger of electrocution.
You are electrocuted!
Ouch! That really hurt!
You die...

#.. ..... #.. ..... .
#.. ...... .. ####..
...... ... #.....
......#####†.
####.#### ...........
#......# ......rrK#
#.##.#.# #....@.#
#.##.#.#
#.###..#####.#.##.#.#
#†.......#.##.#.#
#...######.##.#.#
#...######.##.#.#
#..........##...#
#.#.######## ###
#.#.# ..#.#


You could see 2 quokkas and a kobold.

Vanquished Creatures
  A bat (D:1)
  2 endoplasms (D:1)
  2 giant cockroaches (D:1)
  2 quokkas (D:1)
  A ball python (D:1)
8 creatures vanquished.

Notes
Turn   | Place    | Note
-------+----------+-------------------------------------------
     0 | D:1      | Lekart the Draconian Hunter began the quest for the Orb.
     0 | D:1      | Reached XP level 1. HP: 17/17 MP: 1/1
   426 | D:1      | Reached skill level 4 in Crossbows
   429 | D:1      | Reached XP level 2. HP: 24/24 MP: 2/2
   436 | D:1      | Mangled by a kobold

Illustrated notes

Levels and vault maps discovered:
D:1:      scummos_arrival_simple_crosswalls, layout_basic

Skill      XL: |  1 |
---------------+----+-----
Crossbows      | 4 |  4.0
Fighting       | |  2.2
Dodging        | |  1.8
Stealth        | |  0.8

Action                   || total
-------------------------++-------
 Fire: Hand crossbow     ||    23
Armor: Skin              ||     7
Dodge: Dodged            ||     7

Table legend: (Time is in decaauts)
 A = Elapsed time spent in this place.
 B = Non-inter-level travel time spent in this place.
 C = Inter-level travel time spent in this place.
 D = Time resting spent in this place.
 E = Time spent auto-exploring this place.
 F = Levels seen in this place.
 G = Mean time per level.
                   A        B        C        D        E       F      G
               +--------+--------+--------+--------+--------+-----+--------+
         Total |    443 |    443 |      0 |      0 |    399 |   1 |  443.0 |
       Dungeon |    443 |    443 |      0 |      0 |    399 |   1 |  443.0 |
               +--------+--------+--------+--------+--------+-----+--------+

Top non-repeatable levels by time:
     D:1: 443 daAuts
